 Dungeon Crawl Stone Soup version 0.19.3 (webtiles) character file.

3259 Mefis the Thaumaturge (level 9, -2/45 HPs)
             Began as a Deep Elf Wizard on Jan 23, 2017.
             Was an Initiate of Sif Muna.
             Slain by Erica
             ... wielding a +0 scimitar of flaming
              (6 damage)
             ... on level 8 of the Dungeon.
             The game lasted 00:17:46 (9865 turns).

Mefis the Thaumaturge (Deep Elf Wizard)             Turns: 9865, Time: 00:17:46

Health: -2/45      AC:  5    Str:  5    XL:     9   Next: 68%
Magic:  1/24       EV: 16    Int: 26    God:    Sif Muna [......]
Gold:   462        SH:  0    Dex: 13    Spells: 7 memorised, 12 levels left

rFire  . . .     SeeInvis .     q - +4 short sword (venom)
rCold  . . .     Gourm    .     a - +0 robe
rNeg   . . .     Faith    .     (no shield)
rPois  .         Spirit   .     i - +1 hat
rElec  .         Reflect  .     I - +0 cloak
rCorr  .         Harm     .     g - +0 pair of gloves
MR     .....                    (no boots)
Stlth  +++.......               A - amulet of regeneration
                                H - +1 ring of evasion
                                j - ring of loudness (curse)

@: very slightly contaminated, repel missiles
A: no striking features
a: Renounce Religion


You were on level 8 of the Dungeon.
You worshipped Sif Muna.
Sif Muna was noncommittal.
You were not hungry.

You visited 2 branches of the dungeon, and saw 9 of its levels.

You collected 462 gold pieces.

Inventory:

Hand Weapons
 k - a +0 dagger
 q - a +4 short sword of venom (weapon)
Missiles
 w - 43 poisoned needles
Armour
 a - a +0 robe (worn)
 g - a +0 pair of gloves (worn)
 i - a +1 hat (worn)
 I - a +0 cloak (worn)
Jewellery
 j - a cursed ring of loudness (left hand)
 A - an amulet of regeneration (around neck)
 H - a +1 ring of evasion (right hand)
Wands
 B - a wand of slowing (25/48)
 F - a wand of acid (9/15)
Scrolls
 b - a scroll of summoning {unknown}
 e - 2 scrolls of random uselessness
 f - 2 scrolls of enchant weapon
 h - a scroll of fog {unknown}
 l - a scroll of magic mapping {unknown}
 o - 2 scrolls of identify
 u - a scroll of fear {unknown}
 x - 2 scrolls of enchant armour
 y - a scroll of teleportation {unknown}
 z - a scroll of recharging {unknown}
 J - a scroll of amnesia {unknown}
 K - a scroll of immolation {unknown}
Potions
 m - a potion of magic {unknown}
 p - a potion of cure mutation {unknown}
 s - 7 potions of curing {unknown}
 t - a potion of lignification {unknown}
 v - a potion of agility {unknown}
 C - a potion of haste {unknown}
 D - a potion of heal wounds {unknown}
 G - 2 potions of flight {unknown}
Books
 c - a book of Minor Magic

   Spells                             Type                      Level
   a - Magic Dart                     Conjuration                  1
   b - Blink                          Translocation                2
   c - Call Imp                       Summoning                    2
   d - Repel Missiles                 Charms/Air                   2
   e - Slow                           Hexes                        2
   f - Conjure Flame                  Conjuration/Fire             3
   g - Mephitic Cloud                 Conjuration/Poison/Air       3
 E - a book of Maledictions

   Spells                             Type                      Level
   a - Corona                         Hexes                        1
   b - Ensorcelled Hibernation        Hexes/Ice                    2
   c - Confuse                        Hexes                        3
   d - Tukima's Dance                 Hexes                        3
   e - Dazzling Spray                 Conjuration/Hexes            3
Comestibles
 d - 7 bread rations
 n - 2 beef jerkies
 r - 2 meat rations


   Skills:
 + Level 6.0 Dodging
 * Level 8.9 Stealth
 * Level 9.7 Spellcasting
 + Level 5.5 Conjurations
 + Level 4.6 Hexes
 - Level 1.1 Summonings
 - Level 1.1 Translocations
 + Level 4.2 Air Magic
 + Level 4.5 Poison Magic


You had 12 spell levels left.
You knew the following spells:

 Your Spells              Type           Power        Failure   Level  Hunger
a - Magic Dart            Conj           ####         1%          1    None
b - Call Imp              Summ           ###.....     4%          2    None
c - Blink                 Tloc           N/A          4%          2    None
d - Repel Missiles        Chrm/Air       ###...       2%          2    None
e - Mephitic Cloud        Conj/Pois/Air  #####...     1%          3    None
f - Conjure Flame         Conj/Fire      ####....     6%          3    None
g - Slow                  Hex            #####...     1%          2    None


Dungeon Overview and Level Annotations

Branches:
Dungeon (8/15)             Temple (1/1) D:7
   Lair: D:8-11

Altars:
Ashenzari
Cheibriados
Dithmenos
Fedhas
Hepliaklqana
Kikubaaqudgha
Makhleb
Qazlal
Ru
Sif Muna
Trog
Uskayaw
Vehumet
Xom
Yredelemnul
The Shining One

Annotations:
D:3 Paps's ghost, amateur DsFi
D:8 Erica


Message History

Confirm with . or Enter, or press ? or * to list all spells.
You blink.
Erica hits you with a scimitar of flaming!
* * * LOW HITPOINT WARNING * * *
Erica burns you.
* * * LOW HITPOINT WARNING * * *
Casting: Blink
Confirm with . or Enter, or press ? or * to list all spells.
You don't have enough magic to cast that spell.
You see here a scroll labeled YJEIGA OMONODD.
Casting: Blink
Confirm with . or Enter, or press ? or * to list all spells.
Aiming: Magic Dart
Press: ? - help, Shift-Dir - straight line, f/p - Erica
Aim: Erica, wielding a scimitar of flaming and wearing a robe (almost dead)
The magic dart hits Erica.
Erica is almost dead.
Erica says, "I love to fight, but killing is better."
Erica hits you with a scimitar of flaming.
You die...

#.# ###.# #.# #.#
##.## #.# ####.#.##
#.#
#...###.#########.#
#.##.#.#..........#
##.###.##.##########
####...#####.#
.>!.<...@@.ยง.#
###....#.####
#...........#
..####.####.# ... .#
#.... # #.... ....._
.#....


You could see Erica.

Vanquished Creatures
  Grinder (D:5)
  A steam dragon (D:7)
  2 hungry ghosts (D:7)
  Menkaure (D:7)
  The ghost of dscm the Sneak, an amateur OpEE (D:7)
  2 orc warriors
  2 black bears
  2 ice beasts
  2 sky beasts
  2 phantoms
  4 ogres
  A gnoll sergeant (D:5)
  A bullfrog (D:3)
  A scorpion (D:4)
  A howler monkey (D:7)
  3 crimson imps
  A bullfrog skeleton (D:5)
  2 hounds
  Crazy Yiuf (D:6)
  2 centaur skeletons
  6 orc priests
  A jelly (D:4)
  9 orc wizards
  An iguana (D:8)
  3 worker ants
  A killer bee zombie (D:7)
  2 hound skeletons (D:5)
  5 gnolls (D:5)
  11 adders
  An adder zombie (D:6)
  4 worms
  3 dart slugs
  5 leopard geckos
  29 orcs
  9 bats
  7 giant cockroaches
  2 hobgoblins
  6 jackals
  3 quokkas
  A ball python (D:2)
  4 frilled lizards
  2 goblins
  6 kobolds
  A leopard gecko skeleton (D:6)
  7 rats
162 creatures vanquished.

Vanquished Creatures (collateral kills)
  Terence (D:2)
  A worm (D:3)
  A kobold (D:2)
3 creatures vanquished.

Vanquished Creatures (others)
  An orc (D:7)
1 creature vanquished.

Grand Total: 166 creatures vanquished

Notes
Turn   | Place    | Note
-------+----------+-------------------------------------------
     0 | D:1      | Mefis the Deep Elf Wizard began the quest for the Orb.
     0 | D:1      | Reached XP level 1. HP: 10/10 MP: 7/7
   446 | D:1      | Reached XP level 2. HP: 15/15 MP: 6/9
   450 | D:1      | Learned a level 2 spell: Call Imp
   453 | D:1      | Learned a level 2 spell: Blink
   456 | D:1      | Learned a level 2 spell: Repel Missiles
  1541 | D:1      | Reached XP level 3. HP: 19/19 MP: 9/11
  1546 | D:1      | Learned a level 3 spell: Mephitic Cloud
  1600 | D:2      | Reached skill level 5 in Spellcasting
  2103 | D:2      | Noticed Terence
  2122 | D:2      | Killed Terence
  2122 | D:2      | Reached XP level 4. HP: 24/24 MP: 2/13
  2673 | D:3      | Noticed Paps's ghost (amateur DsFi)
  2723 | D:2      | Learned a level 3 spell: Conjure Flame
  2950 | D:3      | Reached skill level 1 in Air Magic
  2956 | D:3      | Reached XP level 5. HP: 12/28 MP: 1/15
  3299 | D:3      | Reached skill level 1 in Poison Magic
  3325 | D:3      | Reached skill level 6 in Spellcasting
  3933 | D:3      | Found an ancient bone altar of Kikubaaqudgha.
  3955 | D:3      | Reached XP level 6. HP: 27/32 MP: 17/17
  4550 | D:4      | Reached skill level 5 in Stealth
  5004 | D:4      | Reached XP level 7. HP: 36/36 MP: 15/18
  5013 | D:4      | Learned a level 2 spell: Slow
  5681 | D:4      | Reached skill level 1 in Hexes
  5772 | D:4      | Reached skill level 7 in Spellcasting
  6079 | D:5      | Entered Level 5 of the Dungeon
  6156 | D:5      | Noticed Grinder
  6202 | D:5      | Killed Grinder
  6308 | D:5      | Reached XP level 8. HP: 37/41 MP: 14/21
  7137 | D:6      | Found a snail-covered altar of Cheibriados.
  7388 | D:6      | Reached skill level 5 in Dodging
  7388 | D:6      | Reached skill level 8 in Spellcasting
  7699 | D:6      | Found a runed door.
  8161 | D:6      | Noticed Crazy Yiuf
  8169 | D:6      | Killed Crazy Yiuf
  8198 | D:7      | Found a staircase to the Ecumenical Temple.
  8228 | D:7      | Reached XP level 9. HP: 44/45 MP: 5/23
  8237 | D:7      | Reached skill level 5 in Conjurations
  8337 | Temple   | Entered the Ecumenical Temple
  8345 | Temple   | Became a worshipper of Sif Muna the Loreminder
  8810 | D:7      | Reached skill level 9 in Spellcasting
  8852 | D:7      | Noticed Menkaure
  8859 | D:7      | Killed Menkaure
  8870 | D:7      | Noticed dscm's ghost (amateur OpEE)
  8884 | D:7      | Killed dscm's ghost
  9827 | D:8      | Noticed Erica
  9838 | D:8      | Found a stormy altar of Qazlal.
  9865 | D:8      | Slain by Erica

Skill      XL: |  1  2  3  4  5  6  7  8  9 |
---------------+----------------------------+-----
Stealth        | 3 4 5 6 7 8 |  8.9
Spellcasting   | 5 6 7 8 9 |  9.7
Conjurations   | 2 3 4 5 |  5.5
Dodging        | 3 4 5 6 |  6.0
Air Magic      | 1 2 3 4 |  4.2
Poison Magic   | 1 2 3 4 |  4.5
Hexes          | 1 3 4 |  4.6
Summonings     | |  1.1
Translocations | |  1.1

Action                   |  1- 3 |  4- 6 |  7- 9 || total
-------------------------+-------+-------+-------++-------
Melee: Unarmed           |     3 |       |       ||     3
       Short sword       |       |    45 |    79 ||   124
 Cast: Magic Dart        |    90 |   109 |   318 ||   517
       Repel Missiles    |     1 |     2 |       ||     3
       Mephitic Cloud    |     1 |     7 |    19 ||    27
       Call Imp          |     1 |     7 |    12 ||    20
       Conjure Flame     |       |     2 |     9 ||    11
       Slow              |       |       |     4 ||     4
       Blink             |       |       |     4 ||     4
  Use: Scroll            |       |       |     3 ||     3
 Stab: Sleeping          |       |     3 |       ||     3
       Confused          |       |       |     4 ||     4
       Distracted        |       |       |     1 ||     1
  Eat: Chunk             |     3 |     9 |     8 ||    20
       Meat ration       |       |       |     2 ||     2
Armor: Robe              |     8 |    11 |    18 ||    37
Dodge: Dodged            |    19 |    41 |    71 ||   131
       Deflected         |       |     3 |       ||     3
